 Dungeon Crawl Stone Soup version 0.29.1-1-gd02db69 (webtiles) character file.

Game seed: 2932205403696526879

326 samcosmo the Sneak (level 6, -4/35 HPs)
             Began as a Kobold Enchanter on Apr 27, 2023.
             Slain by Duvessa
             ... wielding a +0 short sword
              (13 damage)
             ... on level 4 of the Dungeon.
             The game lasted 00:10:04 (3714 turns).

samcosmo the Sneak (Kobold Enchanter)               Turns: 3714, Time: 00:10:04

Health: -4/35      AC:  3    Str:  6    XL:     6   Next: 78%
Magic:  8/10       EV: 16    Int: 16    God:
Gold:   135        SH:  0    Dex: 17    Spells: 3/11 levels left

rFire   . . .      SeeInvis .   a - +1 dagger
rCold   . . .      Faith    .   (no shield)
rNeg    . . .      Spirit   .   b - +0 robe
rPois   +          Reflect  .   (no helmet)
rElec   .          Harm     .   (no cloak)
rCorr   .          Rampage  .   j - +0 pair of gloves
Will    +....                   (no boots)
Stlth   ++++......              n - amulet of the acrobat
HPRegen 0.11/turn               g - ring of willpower
MPRegen 0.12/turn               l - ring of poison resistance

@: invisible
A: small, no large weapons, nightstalker 3
a: no special abilities


You were on level 4 of the Dungeon.
You visited 1 branch of the dungeon, and saw 4 of its levels.

You collected 135 gold pieces.

Inventory:

Hand Weapons
 a - a +1 dagger (weapon)
Armour
 b - a +0 robe (worn)
 j - a +0 pair of gloves (worn)
Jewellery
 g - a ring of willpower (left hand)
 l - a ring of poison resistance (right hand)
 m - a ring of fire
 n - an amulet of the acrobat (around neck)
Wands
 d - a wand of digging (4)
 k - a wand of acid (5)
Scrolls
 f - a scroll of silence
 h - 4 scrolls of identify
 i - a scroll of teleportation {unknown}
Potions
 c - a potion of invisibility
 e - 2 potions of curing


   Skills:
 + Level 2.2 Fighting
 + Level 3.4 Short Blades
 + Level 3.6 Dodging
 + Level 5.3 Stealth
 - Level 3.0 Spellcasting
 * Level 4.7 Hexes


You had 3 spell levels left.
You knew the following spells:

 Your Spells              Type           Power      Damage    Failure   Level
a - Ensorcelled Hibernat  Hex/Ice        18%        N/A       11%         2
b - Confusing Touch       Hex            17%        N/A       9%          3
c - Tukima's Dance        Hex            17%        N/A       9%          3

Your spell library contained the following spells:

 Spells                   Type           Power      Damage    Failure   Level
 Dazzling Flash           Conj/Hex       18%        N/A       22%         3
 Petrify                  Tmut/Erth      2%         N/A       88%         4
 Metabolic Englaciation   Hex/Ice        4%         N/A       89%         5
 Statue Form              Tmut/Erth      1%         N/A       100%        6


Dungeon Overview and Level Annotations

Branches:
Dungeon (4/15)
 Temple: D:4-7

Altars:

Annotations:
D:4 Duvessa


Innate Abilities, Weirdness & Mutations

You are small and have problems with some larger weapons.
You are completely attuned to the shadows.


Message History

You barely miss Dowan.
Dowan is lightly wounded.
Dowan hits you with a +0 dagger.
You barely miss Dowan.
Dowan is lightly wounded.
Dowan hits you with a +0 dagger.
You hit Dowan but do no damage.
Dowan is lightly wounded.
Dowan gestures at you while chanting. You resist with almost no effort.
You barely miss Dowan.
Dowan is lightly wounded.
You hit Dowan but do no damage.
Dowan appears confused.
You punch Dowan, but do no damage.
Dowan is lightly wounded.
Dowan closely misses Duvessa.
Dowan hits himself with a +0 dagger.
You barely miss Dowan.
Dowan is lightly wounded.
You barely miss Dowan.
Dowan is lightly wounded.
Dowan misses you.
You hit Dowan.
Dowan is moderately wounded.
Dowan shouts, "What's happening?!"
Dowan misses you.
You hit Dowan.
Dowan is moderately wounded.
Dowan hits you with a +0 dagger.
You hit Dowan but do no damage.
Dowan is moderately wounded.
You catch the helpless Dowan completely off-guard!
You puncture Dowan!
You kill Dowan!
Duvessa weeps, and shakes her weapon.
Duvessa goes berserk!
Duvessa hits you with a +0 short sword!
* * * LOW HITPOINT WARNING * * *
Okay, then.
You fade into invisibility!
Duvessa hits you with a +0 short sword!
You die...

.....##......
.....†###.##
.......#
.......# .#
##.....##.#..
#.....##.#.##
#.....##.[...
..............
##.....##@#.#
#.######e# #.#
#.# #..


You could see Duvessa (berserk, unable to see you).

Vanquished Creatures
  A scorpion (D:4)
  Dowan (D:4)
  A vampire bat (D:3)
  3 adders (D:2)
  A worm (D:3)
  2 dart slugs
  3 fire bats (D:3)
  2 spectral bats (D:3)
  5 ball pythons
  3 bat skeletons (D:3)
  A bat zombie (D:3)
  4 endoplasms
  A giant cockroach (D:4)
  4 goblins
  5 hobgoblins
  9 jackals
  2 quokkas
  15 bats
  A bat simulacrum (D:3)
  3 frilled lizards
  7 kobolds
  6 rats
80 creatures vanquished.

Vanquished Creatures (others)
  A plant (D:2)
1 creature vanquished.

Grand Total: 81 creatures vanquished

Notes
Turn   | Place    | Note
-------+----------+-------------------------------------------
     0 | D:1      | samcosmo the Kobold Enchanter began the quest for the Orb.
     0 | D:1      | Reached XP level 1. HP: 10/10 MP: 3/3
   191 | D:1      | Reached XP level 2. HP: 15/15 MP: 5/5
   195 | D:1      | Learned a level 2 spell: Ensorcelled Hibernation
   272 | D:1      | Found a faded altar of an unknown god.
   659 | D:1      | Reached XP level 3. HP: 16/20 MP: 6/6
   726 | D:1      | Learned a level 3 spell: Confusing Touch
  1659 | D:2      | Reached skill level 1 in Fighting
  1703 | D:2      | Reached XP level 4. HP: 4/25 MP: 0/7
  2305 | D:2      | Learned a level 3 spell: Tukima's Dance
  2659 | D:3      | Reached XP level 5. HP: 29/29 MP: 7/9
  2873 | D:3      | Reached XP level 6. HP: 29/35 MP: 7/10
  2945 | D:3      | Reached skill level 5 in Stealth
  3699 | D:4      | Noticed Dowan
  3700 | D:4      | Noticed Duvessa
  3713 | D:4      | Killed Dowan
  3714 | D:4      | Slain by Duvessa

Illustrated notes

Levels and vault maps discovered:
D:1:      heliophobic_arrival_ceremonial_halls, layout_rooms,
          shapermc_ecumenical_altar_totnotflames, serial_corexii_hall,
          corexii_hall_statues_x, corexii_hall_statues_t,
          chequers_hall_statues_corner_a, corexii_hall_statues_x
D:2:      layout_rooms, dk_noncrumbling_3, minmay_hedge_maze,
          serial_bayou_pond_b
D:3:      layout_basic, minmay_misc_feat_enclosed, goddamned_bats
D:4:      layout_basic, minmay_temple_entry_butterflies, serial_shops, shop,
          biasface_ghost_orc_armoury, uniq_duvessa, uniq_crazy_yiuf_cottage

Skill      XL: |  1  2  3  4  5  6 |
---------------+-------------------+-----
Short Blades   | 2 3 |  3.4
Fighting       | 1 2 |  2.2
Dodging        | 3 |  3.6
Hexes          | 4 |  4.7
Stealth        | 5 |  5.3
Spellcasting   | 3 |  3.0

Action                   |  1- 3 |  4- 6 || total
-------------------------+-------+-------++-------
Melee: Dagger            |   118 |   131 ||   249
       Punch             |     1 |     1 ||     2
 Cast: Ensorcelled Hiber |     4 |     2 ||     6
       Confusing Touch   |     1 |     3 ||     4
  Use: Scroll            |       |     6 ||     6
       Potion            |       |     1 ||     1
 Stab: Sleeping          |    22 |    20 ||    42
       Confused          |     1 |     2 ||     3
Armor: Robe              |    13 |    60 ||    73
Dodge: Dodged            |    55 |   167 ||   222
